AoeStats
← kkkg

Arena

508649651Analyzed
1v1 RM · 8d ago on Sep 23, 2026· 60m 1s· 2 players
Game mode
Random Map
Map size
Tiny (2 player)
Population
200
Speed
Normal
Resources
Standard
Victory
Conquest
Starting age
Dark Age
Ending age
Imperial Age
RankedLock teamsTeams togetherTeam positionsShared explorationLock speedFull tech treeHidden civsTurbo modeCheats
Victory
Defeat
🇨🇳 Franks · China
856
+17
🇨🇳 Poles · China
882
-17
嗳在七元钱
9:40 Feudal Age
11:36 Double-Bit Axe
15:20 Castle Age
17:05 Bow Saw
24:19 Wheelbarrow
23:32 Loom
23:32 Town Watch
23:20 Pikeman
24:09 Husbandry
25:38 Hand Cart
26:55 Squires
27:02 Scale Barding Armor
27:08 Forging
27:24 Town Patrol
31:30 Imperial Age
30:45 Iron Casting
30:31 Chain Barding Armor
30:11 Scale Mail Armor
30:17 Treadmill Crane
32:36 Conscription
31:42 Cavalier
33:26 Blast Furnace
33:02 Plate Barding Armor
32:58 Chivalry
33:05 Paladin
34:12 Stone Mining
34:16 Gold Mining
34:00 Cranequins
35:01 Padded Archer Armor
35:08 Heavy Mounted Crossbowman
36:56 Chemistry
36:17 Ballistics
38:55 Gold Shaft Mining
39:08 Light Cavalry
39:32 Halberdier
41:01 Elite Skirmisher
44:34 Leather Archer Armor
44:09 Fletching
44:19 Scale Mail Armor
44:56 Ordonnance Companies
47:52 Bodkin Arrow
48:14 Chain Mail Armor
50:16 Siege Engineers
50:07 Murder Holes
50:22 Fortified Wall
50:23 Masonry
53:05 Plate Mail Armor
kkkg
11:22 Feudal Age
12:17 Double-Bit Axe
15:21 Castle Age
13:31 Horse Collar
16:41 Bow Saw
16:34 Heavy Plow
24:22 Fervor
29:47 Imperial Age
27:53 Wheelbarrow
27:03 Loom
27:05 Town Watch
27:25 Gold Mining
27:26 Stone Mining
28:50 Scale Mail Armor
29:01 Forging
28:59 Scale Barding Armor
29:46 Stone Shaft Mining
30:24 Hand Cart
30:10 Town Patrol
30:59 Crop Rotation
29:57 Pikeman
30:38 Squires
31:03 Chain Mail Armor
31:24 Iron Casting
32:52 Conscription
33:26 Plate Mail Armor
33:18 Chain Barding Armor
36:35 Blast Furnace
37:21 Bloodlines
37:12 Husbandry
36:33 Cavalier
37:22 Szlachta Privileges
39:12 Elite Obuch
41:44 Padded Archer Armor
41:35 Fletching
44:02 Elite Skirmisher
50:11 Chemistry
49:32 Ballistics
49:18 Siege Engineers
54:16 Thumb Ring
55:33 Bodkin Arrow
Connection lost

Rejoining the realm…

Still unreachable

The connection could not be restored.

Session expired

The server has moved on; the page needs a fresh start.